AoeStats
← Yaycub

Arabia

504141835Analyzed
1v1 RM · 29d ago on Sep 4, 2026· 70m 19s· 2 players
Game mode
Random Map
Map size
Tiny (2 player)
Population
200
Speed
Normal
Resources
Standard
Victory
Conquest
Starting age
Dark Age
Ending age
Imperial Age
RankedLock teamsTeams togetherTeam positionsShared explorationLock speedFull tech treeHidden civsTurbo modeCheats
Victory
Defeat
🇨🇦 Franks · Canada
1188
+15
🇺🇸 Vikings · United States
1176
-15
SpartinSquirrel
2:48 Loom
9:56 Feudal Age
10:38 Double-Bit Axe
13:46 Horse Collar
20:54 Castle Age
18:51 Gold Mining
19:19 Scale Mail Armor
19:57 Forging
20:37 Fletching
21:20 Pikeman
21:46 Gambesons
22:21 Chain Mail Armor
24:11 Bow Saw
25:02 Bodkin Arrow
25:39 Crossbowman
27:18 Gold Shaft Mining
28:26 Ballistics
27:44 Man-at-Arms
30:35 Town Watch
31:17 Squires
30:38 Long Swordsman
31:33 Padded Archer Armor
37:12 Leather Archer Armor
42:12 Imperial Age
40:19 Chieftains
41:47 Iron Casting
43:26 Plate Mail Armor
43:05 Elite Berserk
44:17 Arson
46:06 Heavy Plow
47:10 Conscription
Yaycub
5:55 Loom
8:53 Feudal Age
9:32 Double-Bit Axe
19:53 Castle Age
18:28 Scale Barding Armor
19:05 Gold Mining
21:10 Chain Barding Armor
22:55 Fletching
23:09 Elite Skirmisher
25:07 Bodkin Arrow
26:44 Wheelbarrow
26:22 Bow Saw
27:39 Padded Archer Armor
31:31 Forging
31:38 Leather Archer Armor
31:39 Forging
31:47 Leather Archer Armor
39:48 Husbandry
40:26 Gold Shaft Mining
39:45 Stone Mining
40:17 Hand Cart
42:40 Imperial Age
39:57 Town Watch
43:06 Iron Casting
42:52 Town Patrol
43:58 Cavalier
45:15 Plate Barding Armor
45:40 Blast Furnace
46:41 Siege Engineers
47:37 Chemistry
46:55 Paladin
49:38 Masonry
49:24 Murder Holes
50:10 Ballistics
61:15 Architecture
61:59 Conscription
62:15 Hoardings
Connection lost

Rejoining the realm…

Still unreachable

The connection could not be restored.

Session expired

The server has moved on; the page needs a fresh start.